Description

This is a Pool First Opener that deals with 3 Rax Reaper Openers.

We use Queens to Spread Creep early as well as 3-4 Roaches while we try to jumpstart our Economy.

VOD

https://www.youtube.com/watch?v=3T2sL2hmvjM

Replay - Bakemonoda v Railgan - Paladino Terminal LE

Build Order

Get SALT Encoding   

  12  0:01  Drone  
  13  0:16  Overlord  
  13  0:18  Drone  
  14  0:34  Drone x3  
  17  0:49  Spawning Pool  
  16  0:50  Drone  
  17  1:01  Drone  
  18  1:15  Hatchery  
  18  1:16  Extractor  
  16  1:23  Drone x2  
  18  1:38  Roach Warren, Zergling x2  
  18  1:46  Queen  
  20  1:49  Drone  
  22  2:03  Overlord  
  22  2:22  Queen  
  24  2:23  Roach x2  
  28  2:31  Roach  
  28  2:34  Queen  
  32  2:40  Roach  
  34  2:51  Overlord  
  35  3:05  Overlord  
  39  3:20  Overlord  
  41  3:39  Lair  
  41  3:40  Roach x2  
  46  3:51  Roach  
  53  4:37  Evolution Chamber x2  
  52  4:50  Roach  
  56  4:55  Glial Reconstitution, Extractor x2  
  61  5:19  Roach x2  
  65  5:24  Zerg Missile Weapons Level 1  
  71  5:44  Hatchery  
  71  5:45  Zerg Ground Armor Level 1  
  84  6:21  Extractor  
  86  6:26  Hydralisk Den  
  86  6:28  Ravager  
  112  7:21  Zerg Missile Weapons Level 2  
  120  7:31  Muscular Augments  
  120  7:34  Ravager  
  125  7:51  Hydralisk x4  
  134  8:13  Hydralisk x2  
  138  8:24  Hydralisk x4  
  145  8:37  Extractor x2  
  143  8:41  Pneumatized Carapace  
  170  9:25  Hatchery  
  169  9:45  Zerg Ground Armor Level 2  
  169  9:48  Lurker Den  
Spawning Tool Build Advisor. Get it on Overwolf

Go to:

Details

  • Created by: railgan      
  • Published on: Mar 26, 2017
  • Modified on: Apr 03, 2017
  • Patch: 3.8.0
Show
View Real Time Build Order
Export as new Build Order

Comments (0)

There are no comments. Be the first!

Create an account to comment!